 Dungeon Crawl Stone Soup version 0.26-a0-638-gcca6ad1b57 (webtiles) character file.

Game seed: 17030897197218377695

4729 DogServant the Grappler (level 10, 0/100 HPs)
             Began as a Troll Berserker on Sept 14, 2020.
             Was an Elder of Trog.
             Shot with an arrow by a centaur (4 damage)
             ... on level 11 of the Dungeon.
             The game lasted 00:14:57 (8748 turns).

DogServant the Grappler (Troll Berserker)           Turns: 8748, Time: 00:14:58

Health: 0/100      AC:  6    Str: 28    XL:     10   Next: 22%
Magic:  9/9        EV: 13    Int:  3    God:    Trog [****..]
Gold:   615        SH:  5    Dex: 11    Spells: 9/9 levels left

rFire    + . .     SeeInvis .     - Unarmed
rCold    + . .     Faith    .   (no shield)
rNeg     . . .     Spirit   .   a - +0 animal skin
rPois    +         Reflect  +   (helmet restricted)
rElec    .         Harm     .   o - scarf {rC+ rF+}
rCorr    .         Rampage  .   (gloves unavailable)
MR       .....                  (boots unavailable)
Stlth    +.........             l - amulet of reflection
HPRegen  0.66/turn              B - ring of poison resistance
MPRegen  0.11/turn              J - ring of poison resistance

@: no status effects
A: large, unfitting armour, claws 3, regeneration 1, shaggy fur 1, tough skin 3
a: Berserk, Trog's Hand, Brothers in Arms, Renounce Religion


You were on level 11 of the Dungeon.
You worshipped Trog.
Trog was greatly pleased with you.
You visited 2 branches of the dungeon, and saw 12 of its levels.

You collected 647 gold pieces.
You spent 32 gold pieces at shops.

Inventory:

Armour
 a - a +0 animal skin (worn)
 d - a scarf of harm
 o - a scarf of resistance (worn)
Jewellery
 l - an amulet of reflection (around neck)
 m - an uncursed ring of resist corrosion {unknown}
 n - an uncursed ring of magical power {unknown}
 B - a ring of poison resistance (left claw)
 J - a ring of poison resistance (right claw)
Wands
 k - a wand of enslavement (9)
 r - a wand of disintegration (10)
Scrolls
 b - 2 scrolls of magic mapping
 e - a scroll of fear
 f - 3 scrolls of remove curse
 g - a scroll of noise {unknown}
 i - a scroll of torment {unknown}
 j - a scroll of identify
 p - a scroll of fog
 s - a scroll of random uselessness {unknown}
 w - a scroll of teleportation {unknown}
 x - 2 scrolls of enchant weapon {unknown}
 G - 4 scrolls of enchant armour {unknown}
 H - 2 scrolls of blinking {unknown}
Potions
 c - 4 potions of haste
 h - 2 potions of heal wounds
 q - 3 potions of might
 v - 2 potions of curing
 z - 2 potions of lignification {unknown}


   Skills:
 + Level 6.7 Fighting
 + Level 6.8 Dodging
 * Level 11.0 Unarmed Combat


You had 9 spell levels left.
You didn't know any spells.
Your spell library was empty.

Dungeon Overview and Level Annotations

Branches:
Dungeon (11/15)            Temple (1/1) D:5            Lair (0/6) D:10
    Orc (0/2) D:9

Altars:
Ashenzari
Cheibriados
Dithmenos
Elyvilon
Fedhas
Gozag
Hepliaklqana
Kikubaaqudgha
Makhleb
Nemelex Xobeh
Okawaru
Qazlal
Ru
Sif Muna
Trog
Uskayaw
Vehumet
Wu Jian
Xom
Yredelemnul
Zin
The Shining One

Shops:
D:9 *   D:10 (

Annotations:
D:3 1 runed translucent door, Tman's ghost, amateur DEAE
D:8 2 transporters, exclusion: obsidian statue
D:10 exclusion: 2 oklob plants


Innate Abilities, Weirdness & Mutations

You are too large for most types of armour.
You have claws for hands.
Your natural rate of healing is unusually fast.
You are covered in fur. (AC +1)
You have extremely tough skin. (AC +3)


Message History

The arrow hits you.
The centaur shoots an arrow.
The arrow barely misses you.
You mangle the centaur!!
You kill the centaur!
Trog accepts your kill.
The centaur shoots an arrow.
The arrow hits you!
The centaur shoots an arrow.
The arrow hits you!
The centaur shoots an arrow.
The arrow hits you.
* * * LOW HITPOINT WARNING * * *
The centaur shoots an arrow.
The arrow hits you!
* * * LOW HITPOINT WARNING * * *
The centaur shoots an arrow.
The arrow hits you!
* * * LOW HITPOINT WARNING * * *
The centaur shoots an arrow.
The arrow closely misses you.
The centaur shoots an arrow.
The arrow barely misses you.
There is a stone staircase leading down, spattered with blood here.
You see here 2 arrows.
The centaur shoots an arrow.
The arrow hits you.
* * * LOW HITPOINT WARNING * * *
The centaur shoots an arrow.
The arrow closely misses you.
The centaur shoots an arrow.
The arrow hits you.
You die...

########+##
#......(..#
#.....=...#
+...(.c...#
#..)..c...#
#..(...(..#
#(@(..c...#
#(<(......#
#((.......#
#######..##
#.<# ... ..


You could see 3 centaurs.

Vanquished Creatures
  A troll (D:9)
  A hippogriff (D:10)
  2 wyverns
  2 water moccasins
  4 orc warriors
  2 ice beasts
  A sky beast (D:9)
  5 ogres
  2 phantoms
  6 centaurs
  A big kobold (D:10)
  4 bullfrogs
  5 scorpions
  3 killer bees (D:8)
  3 howler monkeys
  A jelly (D:6)
  A bullfrog zombie (D:9)
  Crazy Yiuf (D:3)
  8 hounds
  6 orc priests
  2 bullfrog skeletons (D:10)
  6 orc wizards
  2 iguanas
  6 worker ants
  A killer bee zombie (D:8)
  2 hound zombies (D:5)
  2 hound skeletons
  10 gnolls
  6 adders
  A shadow imp (D:5)
  A white imp (D:7)
  An ooze (D:6)
  An adder zombie (D:5)
  2 adder skeletons
  3 worms
  A dart slug (D:1)
  4 leopard geckos
  23 orcs
  11 bats
  6 giant cockroaches
  7 goblins
  5 hobgoblins
  5 jackals
  11 kobolds
  5 quokkas
  4 frilled lizards
  A jackal zombie (D:7)
  A quokka zombie (D:5)
  10 rats
199 creatures vanquished.

Notes
Turn   | Place    | Note
-------+----------+-------------------------------------------
     0 | D:1      | DogServant the Troll Berserker began the quest for the Orb.
     0 | D:1      | Reached XP level 1. HP: 22/22 MP: 0/0
    90 | D:1      | Reached XP level 2. HP: 29/29 MP: 1/1
   413 | D:1      | Reached XP level 3. HP: 36/36 MP: 2/2
   689 | D:2      | Reached ** piety under Trog
   979 | D:2      | Reached skill level 4 in Unarmed Combat
  1114 | D:2      | Reached XP level 4. HP: 44/44 MP: 3/3
  1424 | D:3      | Found a runed translucent door.
  1424 | D:3      | Noticed a bullfrog
  1438 | D:3      | Found a sparkling altar of Nemelex Xobeh.
  1539 | D:3      | Noticed Tman's ghost (amateur DEAE)
  1693 | D:3      | Found a runed translucent door.
  1694 | D:3      | Noticed Crazy Yiuf
  1699 | D:3      | Killed Crazy Yiuf
  1782 | D:4      | Reached XP level 5. HP: 42/53 MP: 4/4
  1893 | D:4      | Noticed a wyvern
  1901 | D:4      | Killed a wyvern
  1901 | D:4      | Reached skill level 5 in Unarmed Combat
  1901 | D:4      | Reached XP level 6. HP: 61/61 MP: 5/5
  2280 | D:4      | Reached skill level 6 in Unarmed Combat
  2462 | D:4      | Found a burning altar of Makhleb.
  2464 | D:4      | Noticed an Executioner
  2601 | D:5      | Entered Level 5 of the Dungeon
  2609 | D:5      | Reached XP level 7. HP: 64/68 MP: 6/6
  2807 | D:5      | Reached *** piety under Trog
  3103 | D:5      | Reached skill level 7 in Unarmed Combat
  3350 | D:5      | Reached XP level 8. HP: 79/79 MP: 7/7
  3459 | D:5      | Found a staircase to the Ecumenical Temple.
  3549 | Temple   | Entered the Ecumenical Temple
  3680 | D:6      | Found a sacrificial altar of Ru.
  3686 | D:6      | Found a bloodstained altar of Trog.
  3687 | D:6      | Found a shimmering altar of Xom.
  3688 | D:6      | Found a radiant altar of Vehumet.
  3853 | D:6      | Reached skill level 8 in Unarmed Combat
  4079 | D:6      | Reached skill level 5 in Fighting
  4079 | D:6      | Reached skill level 5 in Dodging
  4748 | D:7      | Reached skill level 9 in Unarmed Combat
  4748 | D:7      | Reached XP level 9. HP: 55/88 MP: 8/8
  4864 | D:7      | Reached **** piety under Trog
  5584 | D:8      | Found a transporter.
  5591 | D:8      | Noticed an obsidian statue
  5686 | D:8      | Found a transporter.
  6560 | D:9      | Noticed a troll
  6575 | D:9      | Killed a troll
  6575 | D:9      | Reached skill level 10 in Unarmed Combat
  6847 | D:9      | Found a white marble altar of Elyvilon.
  7129 | D:9      | Found a basalt altar of Yredelemnul.
  7261 | D:9      | Found a staircase to the Orcish Mines.
  7299 | D:9      | Found Fiwn's General Store.
  7315 | D:9      | Bought a scroll of identify for 32 gold pieces
  7338 | D:9      | Reached XP level 10. HP: 100/100 MP: 9/9
  7727 | D:10     | Entered Level 10 of the Dungeon
  7732 | D:10     | Noticed an oklob plant
  7900 | D:10     | Got an ancient scimitar
  7903 | D:10     | Lost intelligence.
  7903 | D:10     | Identified the +10 scimitar "Sawnises" {vorpal, rF++ rC++
                  | Int-4} (You found it on level 10 of the Dungeon)
  8133 | D:10     | Found Foxtu Horgh's Antique Weapon Shoppe.
  8289 | D:10     | Found a staircase to the Lair.
  8292 | D:10     | Noticed an oklob plant
  8564 | D:11     | Reached skill level 11 in Unarmed Combat
  8748 | D:11     | HP: 4/100 [centaur/arrow (3)]
  8748 | D:11     | Shot with an arrow by a centaur

Illustrated notes

Levels and vault maps discovered:
D:1:      minmay_arrival_four_loops, layout_basic, minmay_misc_feat_chi,
          serial_bayou_lagoon_a
D:2:      layout_loops_ring
D:3:      layout_rooms, lemuel_crystal_altar, ebering_ghost_sewer_d,
          chequers_decorated_corner, uniq_crazy_yiuf_cottage
D:4:      layout_basic, makhleb_altar_promises_db
D:5:      layout_rooms, minmay_temple_entry_enclosed_plants
D:6:      layout_gridville, minitemple, st_stairs_11
D:7:      layout_basic, serial_bayou_crossing
D:8:      gammafunk_sealed_arena, layout_loops_cross
D:9:      layout_irregular_city, kennysheep_ying_yang, orc_0_dummy,
          serial_shops, nicolae_shop_crystal
D:10:     layout_cave_pools, dpeg_oklobed_lair, serial_shops, shop
D:11:     layout_roguey, fedhas_altar_fruit_tree, uniq_urug
Temple:   eino_temple_lava

Skill      XL: |  1  2  3  4  5  6  7  8  9 10 |
---------------+-------------------------------+-----
Unarmed Combat | 4 5 6 7 9 10 11 | 11.0
Fighting       | 3 4 5 6 |  6.7
Dodging        | 3 4 5 6 |  6.8

Action                   |  1- 3 |  4- 6 |  7- 9 | 10-12 || total
-------------------------+-------+-------+-------+-------++-------
Melee: Unarmed           |    99 |    89 |   303 |    51 ||   542
       Punch             |     1 |     1 |     9 |     3 ||    14
Invok: Berserk           |       |     1 |     7 |     2 ||    10
  Use: Scroll            |     3 |       |    13 |       ||    16
 Stab: Sleeping          |       |       |     1 |       ||     1
Armor: Animal skin       |    68 |    15 |    50 |    14 ||   147
Dodge: Dodged            |    76 |    27 |   126 |    41 ||   270
Block: Other             |     1 |    25 |    45 |    16 ||    87
       Reflection        |       |     1 |     5 |     7 ||    13

Table legend: (Time is in decaauts)
 A = Elapsed time spent in this place.
 B = Non-inter-level travel time spent in this place.
 C = Inter-level travel time spent in this place.
 D = Time resting spent in this place.
 E = Time spent auto-exploring this place.
 F = Levels seen in this place.
 G = Mean time per level.
                   A        B        C        D        E       F      G
               +--------+--------+--------+--------+--------+-----+--------+
         Total |   8897 |   8493 |    404 |   1861 |   5252 |  12 |  741.4 |
       Dungeon |   8830 |   8437 |    393 |   1861 |   5196 |  11 |  802.7 |
        Temple |     66 |     56 |     10 |      0 |     56 |   1 |   66.0 |
               +--------+--------+--------+--------+--------+-----+--------+

Top non-repeatable levels by time:
     D:9: 1172 daAuts
    D:10: 1142 daAuts
     D:7: 1051 daAuts
     D:8: 1012 daAuts
     D:4: 1009 daAuts
     D:6: 858 daAuts
     D:5: 806 daAuts
     D:2: 721 daAuts
     D:1: 635 daAuts
     D:3: 408 daAuts
  Temple: 66 daAuts
    D:11: 12 daAuts
